General information
			
			
        
        - name: grudge2
 
        - type: Ladder 1vs1/FFA
 
        - host: BEAR_AND
 
        - saver: TIMG4STRok
 
        
map: aps\Download\Doodads SV 1.06 
        - players: 6
 
        - length: 12:56
 
        - speed: Fast
 - version: 1.22 W3XP
 - replay type:  

 
» download(67 KB)
Players
        team 1 (winner) 
              
              
TIMG4STRok (
gray | 217 APM | 2806 actions | 12:57)
              
 3 Blademaster 
 1 Wind Walk
 2 Critical Strike
 3 Shadow Hunter 
 1 Hex
 2 Healing Wave
 
                » actions 
                
                | Assign group hotkey | 23 |  | 
| Basic commands | 52 |  | 
| Build / train | 42 |  | 
| ESC pressed | 1 |  | 
| Enter build submenu | 12 |  | 
| Enter hero's abilities submenu | 6 |  | 
| Right click | 1419 |  | 
| Select / deselect | 161 |  | 
| Select group hotkey | 1019 |  | 
| Use ability | 71 |  | 
                2806 total
 » units 
                
                | Peon | 7 |  | 
| Grunt | 4 |  | 
| Spirit Walker | 2 |  | 
| Raider | 3 |  | 
| Kodo Beast | 1 |  | 
| Demolisher | 1 |  | 
                18 total
 » upgrades
                
                | Berserker Strength | 1 |  | 
| Pillage | 1 |  | 
| Spirit Walker Training | 1 |  | 
| Ensnare | 1 |  | 
| Melee Weapons | 1 |  | 
                5 total
 » buildings
                
                | Altar of Storms | 1 |  | 
| Orc Burrow | 5 |  | 
| Barracks | 1 |  | 
| Stronghold | 1 |  | 
| Voodoo Lounge | 2 |  | 
| Spirit Lodge | 1 |  | 
| Beastiary | 1 |  | 
| War Mill | 1 |  | 
                13 total
 » build order
                00:07 Altar of Storms
00:10 Orc Burrow
00:48 Barracks
01:24 Orc Burrow
02:39 Stronghold
03:43 Voodoo Lounge
04:13 Orc Burrow
04:15 Voodoo Lounge
05:50 Spirit Lodge
05:53 Beastiary
06:18 Orc Burrow
09:07 War Mill
09:40 Orc Burrow
» items
                
                | Boots of Speed | 2 |  | 
| Healing Salve | 2 |  | 
| Lesser Clarity Potion | 2 |  | 
| Scroll of Speed | 1 |  | 
| Scroll of Healing | 1 |  | 
| Scroll of Protection | 1 |  | 
| Potion of Lesser Invulnerability | 1 |  | 
                10 total
  
               team 2 (loser) 
              
              
greedoFthenoob (
pink | 96 APM | 1245 actions | 12:55)
              
 2 Archmage 
 1 Summon Water Elemental
 1 Brilliance Aura
 1 Mountain King 
 1 Storm Bolt
 
                » actions 
                
                | Assign group hotkey | 27 |  | 
| Basic commands | 32 |  | 
| Build / train | 47 |  | 
| Enter build submenu | 16 |  | 
| Enter hero's abilities submenu | 3 |  | 
| Right click | 668 |  | 
| Select / deselect | 352 |  | 
| Select group hotkey | 38 |  | 
| Use ability | 62 |  | 
                1245 total
 » units 
                
                | Peasant | 19 |  | 
| Footman | 6 |  | 
| Priest | 1 |  | 
| Sorceress | 2 |  | 
| Spell Breaker | 1 |  | 
                29 total
 » upgrades
                
                | Sorceress Training | 1 |  | 
| Priest Training | 1 |  | 
                2 total
 » buildings
                
                | Altar of Kings | 1 |  | 
| Farm | 8 |  | 
| Barracks | 1 |  | 
| Scout Tower | 1 |  | 
| Arcane Tower | 1 |  | 
| Arcane Vault | 2 |  | 
| Keep | 1 |  | 
| Arcane Sanctum | 2 |  | 
                17 total
 » build order
                00:08 Altar of Kings
00:16 Farm
00:22 Barracks
00:51 Farm
01:38 Farm
01:45 Scout Tower
02:13 Arcane Tower
03:38 Arcane Vault
04:17 Keep
04:48 Farm
06:01 Farm
06:47 Arcane Sanctum
07:16 Arcane Sanctum
07:27 Farm
07:32 Farm
09:45 Arcane Vault
10:06 Farm
» items
                
                | Boots of Speed | 1 |  | 
| Dust of Appearance | 1 |  | 
| Staff of Teleportation | 1 |  | 
| Scroll of Regeneration | 3 |  | 
| Potion of Mana | 1 |  | 
| Potion of Healing | 1 |  | 
                8 total
  
               observersBEAR_AND, 
1st_Panzer_Div., 
SDFWESDER, 
kunt.roII Chat log
          (00:26 / All) TIMG4STRok: good luck dont suck
(00:27 / All) TIMG4STRok: please
(00:30 / All) TIMG4STRok: i beg of you
(00:31 / All) TIMG4STRok: dont suck
(00:34 / All) greedoFthenoob: but game is too intimidating
(12:53 / All) greedoFthenoob: dead grunt
(12:53 / All) greedoFthenoob: i win